 Dungeon Crawl Stone Soup version 0.29.1-15-g9cfb28693d (webtiles) character file.

Game seed: 8894745241242523143

161 croobank the Firebug (level 5, 0/35 HPs)
             Began as a Demonspawn Fire Elementalist on Apr 24, 2023.
             Slain by a scorpion (2 damage)
             ... on level 4 of the Dungeon.
             The game lasted 00:09:31 (3715 turns).

croobank the Firebug (Demonspawn Fire Elementalist) Turns: 3715, Time: 00:09:31

Health: 0/35       AC:  5    Str:  9    XL:     5   Next: 18%
Magic:  0/9        EV: 12    Int: 18    God:
Gold:   157        SH:  0    Dex: 13    Spells: 6/9 levels left

rFire   . . .      SeeInvis .   e - +0 dagger
rCold   . . .      Faith    .   (no shield)
rNeg    . . .      Spirit   .   a - +0 robe
rPois   .          Reflect  .   (helmet restricted)
rElec   .          Harm     .   (no cloak)
rCorr   .          Rampage  .   h - +0 pair of gloves
Will    .....                   (no boots)
Stlth   ++........              (no amulet)
HPRegen 0.11/turn               (no ring)
MPRegen 0.11/turn               (no ring)

@: lethally poisoned (0 -> -6), very slightly contaminated
A: horns 1, molten scales 1, powered by pain 1
a: no special abilities


You were on level 4 of the Dungeon.
You visited 1 branch of the dungeon, and saw 4 of its levels.

You collected 223 gold pieces.
You spent 66 gold pieces at shops.

Inventory:

Hand Weapons
 b - a +0 sling
 e - a +0 dagger (weapon)
 g - a +0 spear
 k - a +3 flail of protection
Armour
 a - a +0 robe (worn)
 h - a +0 pair of gloves (worn)
 i - a +0 ring mail
Scrolls
 c - 2 scrolls of identify
 d - a scroll of vulnerability
Potions
 j - a potion of brilliance
 p - a potion of cancellation


   Skills:
 + Level 2.7 Dodging
 + Level 2.8 Stealth
 + Level 2.8 Spellcasting
 + Level 2.3 Conjurations
 + Level 3.3 Fire Magic


You had 6 spell levels left.
You knew the following spells:

 Your Spells              Type           Power      Damage    Failure   Level
a - Foxfire               Conj/Fire      48%        2x1d6     5%          1
b - Scorch                Fire           28%        2d6       6%          2

Your spell library contained the following spells:

 Spells                   Type           Power      Damage    Failure   Level
 Conjure Flame            Conj/Fire      12%        6-21      16%         3
 Inner Flame              Hex/Fire       8%         N/A       26%         3
 Gell's Gravitas          Tloc           2%         N/A       45%         3
 Teleport Other           Tloc           2%         N/A       45%         3
 Flame Wave               Conj/Fire      12%        2d6       45%         4
 Dispersal                Tloc           1%         N/A       100%        6


Dungeon Overview and Level Annotations

Branches:
Dungeon (4/15)
 Temple: D:4-7

Altars:

Shops:
D:2 !   D:3 (

Annotations:
D:3 2 runed translucent doors, turtlewat's ghost, weakling OgCj


Innate Abilities, Weirdness & Mutations

You have a pair of small horns on your head.
You are partially covered in molten scales. (AC +2)
You sometimes gain a little power by taking damage.


Message History

The scorpion is severely wounded.
You feel sick. The scorpion stings you. The goblin closely misses you.
You closely miss the scorpion.
The scorpion is severely wounded.
You feel sick. The scorpion stings you. The goblin hits you but does no damage.
You hit the scorpion but do no damage. Your headbutt misses the scorpion.
The scorpion is severely wounded.
You feel sick.
The scorpion stings you but does no damage.
The scorpion closely misses you. The goblin hits you with a +0 club.
Casting: Foxfire (safe; 5% risk of failure)
Confirm with . or Enter, or press ? or * to list all spells.
You miscast Foxfire.
You are very lightly contaminated with residual magic.
Nothing appears to happen.
You feel sick. The scorpion misses you. The goblin hits you but does no damage.
You hit the scorpion but do no damage.
You headbutt the scorpion, but do no damage.
The scorpion is severely wounded.
You feel sick. The scorpion stings you.
You are lethally poisoned!
The scorpion poisons you! The goblin closely misses you.
Okay, then.
Really read the scroll of immolation?
As you read the scroll of immolation, it crumbles to dust.
The creatures around you are filled with an inner flame!
* * * LOW HITPOINT WARNING * * *
You feel sick.
The scorpion stings you but does no damage.
The goblin closely misses you.
You hit the scorpion but do no damage.
You headbutt the scorpion, but do no damage.
The scorpion is severely wounded.
* * * LOW HITPOINT WARNING * * *
You feel sick. The scorpion stings you.
* * * LOW HITPOINT WARNING * * *
The goblin hits you but does no damage.
* * * LOW HITPOINT WARNING * * *
You feel sick. The scorpion stings you.
You die...

#.# #..>...... #.# #......... #.#
######## #........
..##########....>.## #........
...................######........
.....)######.....................
.###### ###.............)..... .#
##..g...)........... ##
##.@s.##............ ##
#######...######.......... .#
##.........# ##......... .#
##..#####..## #.......... .#
##..## ##########.......... .#
##..## #.................. ##
#..## #...#####.......... # #..##
##..## #.......... # ##..###
###..## #>.........


You could see a scorpion (inner flame) and a goblin (inner flame).

Vanquished Creatures
  A hound (D:4)
  Terence (D:3)
  5 gnolls
  A worm (D:3)
  2 dart slugs
  An orc (D:3)
  2 bats
  5 endoplasms
  A giant cockroach (D:4)
  5 goblins
  5 hobgoblins
  2 jackals (D:1)
  4 kobolds
  2 quokkas
  7 ball pythons
  2 frilled lizards (D:1)
  3 rats
49 creatures vanquished.

Vanquished Creatures (collateral kills)
  A foxfire (D:1)
1 creature vanquished.

Vanquished Creatures (others)
  121 foxfires
121 creatures vanquished.

Grand Total: 171 creatures vanquished

Notes
Turn   | Place    | Note
-------+----------+-------------------------------------------
     0 | D:1      | croobank the Demonspawn Fire Elementalist began the quest
                  | for the Orb.
     0 | D:1      | Reached XP level 1. HP: 13/13 MP: 3/3
   226 | D:1      | Found a faded altar of an unknown god.
   440 | D:1      | Gained mutation: You are partially covered in molten
                  | scales. (AC +2) [demonic ancestry]
   440 | D:1      | Reached XP level 2. HP: 19/19 MP: 3/5
   734 | D:1      | Learned a level 2 spell: Scorch
   862 | D:1      | Reached XP level 3. HP: 24/24 MP: 1/6
  1791 | D:2      | Reached skill level 3 in Fire Magic
  1939 | D:2      | Found Cugu's Distillery.
  1976 | D:2      | Bought a potion of heal wounds for 55 gold pieces
  1976 | D:2      | Bought a potion of degeneration for 11 gold pieces
  2491 | D:3      | Found a runed translucent door.
  2492 | D:3      | Noticed turtlewat's ghost (weakling OgCj)
  2494 | D:3      | Found Jurygin's Antique Weapon Boutique.
  2503 | D:3      | Noticed Terence
  2512 | D:3      | Killed Terence
  2513 | D:3      | Gained mutation: You sometimes gain a little power by
                  | taking damage. [demonic ancestry]
  2513 | D:3      | Reached XP level 4. HP: 26/30 MP: 2/7
  3137 | D:3      | Found a runed translucent door.
  3675 | D:4      | Noticed a scorpion
  3679 | D:4      | Gained mutation: You have a pair of small horns on your
                  | head. [demonic ancestry]
  3679 | D:4      | Reached XP level 5. HP: 35/35 MP: 5/9
  3715 | D:4      | Slain by a scorpion

Illustrated notes

Levels and vault maps discovered:
D:1:      psy_arrival_whirlpool, layout_basic,
          ebering_ecumenical_altar_sacrificial, nicolae_grassy_gnolls
D:2:      layout_loops_corners, serial_shops, nicolae_shop_waterfront,
          minivault_23
D:3:      layout_loops_cross, serial_shops,
          nicolae_shop_temple_entry_statues_fountains, ebering_ghost_sewer_f,
          uniq_terence
D:4:      gammafunk_cloud_chamber, layout_layer_cave,
          minmay_temple_entry_stoned_glass, serial_shops, nicolae_shop_stone,
          skrybe_limestone_x, minmay_pentangle

Skill      XL: |  1  2  3  4 |
---------------+-------------+-----
Stealth        | 2 |  2.8
Dodging        | 2 |  2.7
Fire Magic     | 3 |  3.3
Conjurations   | 2 |  2.3
Spellcasting   | |  2.8

Action                   |  1- 3 |  4- 6 || total
-------------------------+-------+-------++-------
Melee: Unarmed           |    11 |       ||    11
       Dagger            |     6 |    30 ||    36
       Headbutt          |       |     2 ||     2
 Cast: Foxfire           |    43 |    27 ||    70
       Scorch            |    19 |    11 ||    30
  Use: Scroll            |     8 |     2 ||    10
       Potion            |     1 |     3 ||     4
 Stab: Sleeping          |     1 |       ||     1
Armor: Robe              |     8 |    19 ||    27
Dodge: Dodged            |    14 |    29 ||    43
